 Dungeon Crawl Stone Soup version 0.31-a0-1570-g93c622d222 (webtiles) character file.

Game seed: 6334812723990869474

84 jlumianski the Ruffian (level 4, -3/34 HPs)
             Began as a Gnoll Shapeshifter on Jan 3, 2024.
             Slain by Grinder (8 damage)
             ... on level 3 of the Dungeon.
             The game lasted 00:07:12 (2287 turns).

jlumianski the Ruffian (Gnoll Shapeshifter)         Turns: 2287, Time: 00:07:12

Health: -3/34      AC:  5    Str: 15    XL:     4   Next: 45%
Magic:  5/5        EV: 12    Int: 15    God:
Gold:   239        SH:  0    Dex: 12    Spells: 5/5 levels left

rFire   . .          .
                       - Unarmed
rCold   . . .        (no shield)
rNeg    . . .        j - +0 ring mail
rPois   .            (helmet currently unavailable)
rElec   .            (cloak currently unavailable)
rCorr   .            (gloves currently unavailable)
SInv    .            (boots currently unavailable)
Will    .....        (no amulet)
Stlth   +            i - +6 ring of intelligence
HPRegen 0.25/turn    (no ring)
MPRegen 0.09/turn

%: no passive effects
@: beast-form
A: beast (slay +3), fangs 1, strong nose, distributed training
a: Begin Untransformation


You were on level 3 of the Dungeon.
You were a hulking beast.
You visited 1 branch of the dungeon, and saw 4 of its levels.

You collected 239 gold pieces.

Inventory:

Missiles
 g - 4 poisoned darts (quivered)
 o - 2 boomerangs
 p - 4 javelins
Armour
 a - a +0 animal skin
 j - a +0 ring mail (worn)
 m - the +0 pair of gloves of Insecurity {rCorr Int+2 Dex-5}
   (You found it on level 3 of the Dungeon)

   Int+2:     It affects your intelligence (+2).
   Dex-5:     It affects your dexterity (-5).
   rCorr:     It protects you from acid and corrosion.
 n - a +0 cloak
Jewellery
 i - a +6 ring of intelligence (left hand)
Talismans
 c - a beast talisman
 d - a flux talisman
Wands
 s - a wand of mindburst (13)
Scrolls
 h - a scroll of blinking
 q - a scroll of poison
 r - 2 scrolls of amnesia {unknown}
 v - a scroll of torment {unknown}
Potions
 b - 2 potions of lignification
 e - a potion of attraction
 f - a potion of cancellation
 k - a potion of ambrosia
 l - 2 potions of curing
 t - a potion of enlightenment
 u - a potion of brilliance


   Skills:
 + Level 2.8 Fighting
 + Level 1.2 Short Blades
 + Level 1.2 Long Blades
 + Level 1.2 Axes
 + Level 1.2 Maces & Flails
 + Level 1.2 Polearms
 + Level 1.2 Staves
 + Level 1.2 Ranged Weapons
 + Level 1.2 Throwing
 + Level 1.2 Armour
 + Level 4.6 Dodging
 + Level 1.2 Stealth
 + Level 1.2 Shields
 + Level 6.6 Unarmed Combat
 + Level 1.2 Spellcasting
 + Level 1.0 Conjurations
 + Level 1.0 Hexes
 + Level 1.0 Summonings
 + Level 1.0 Necromancy
 + Level 1.0 Translocations
 + Level 1.0 Fire Magic
 + Level 1.0 Ice Magic
 + Level 1.0 Air Magic
 + Level 1.0 Earth Magic
 + Level 1.0 Alchemy
 + Level 1.3 Invocations
 + Level 1.2 Evocations
 + Level 6.5 Shapeshifting


You had 5 spell levels left.
You didn't know any spells.
Your spell library contained the following spells:

 Spells                   Type           Power      Damage    Failure   Level
 Ensorcelled Hibernation  Hex/Ice        6%         N/A       43%         2
 Hailstorm                Conj/Ice       3%         3d5       67%         3
 Passwall                 Erth           3%         N/A       67%         3
 Summon Ice Beast         Ice/Summ       3%         N/A       67%         3
 Swiftness                Air            3%         N/A       67%         3
 Sculpt Simulacrum        Ice/Alch       1%         N/A       100%        6


Dungeon Overview and Level Annotations

Branches:
Dungeon (4/15)
 Temple: D:4-7

Altars:
Dithmenos
Trog

Annotations:
D:3 Grinder
D:4 Natasha


Innate Abilities, Weirdness & Mutations

You are a hulking beast.
Your limbs bulge with bestial killing power. (Slay +3)
You have very sharp teeth.
Your uncanny sense of smell can sniff out nearby items.
Your experience applies equally to all skills.


Message History

There is an open door here.
There is a bloodstained altar of Trog here.
There is an open door here.
Grinder and a kobold come into view.
Grinder is carrying a wand of flame.
The kobold shouts!
The kobold throws a stone.
The stone barely misses you.
Throw: 5 darts (poison)
Press: ? - help, Q - select action, (/) - cycle Shift-Dir - straight line, f - Grinder
Aim: Grinder, carrying a wand of flame (57% to hit)
You throw a poisoned dart. The poisoned dart hits Grinder.
You hit Grinder. Your bite misses Grinder.
Grinder is lightly wounded.
Grinder closely misses you.
You closely miss Grinder. You bite Grinder, but do no damage.
Grinder is lightly wounded.
Grinder zaps a wand.
The puff of flame misses you.
You hit Grinder.
Grinder is lightly wounded.
Grinder hits you but does no damage.
You closely miss Grinder. You bite Grinder.
Grinder is moderately wounded.
Grinder hits you.
You writhe in agony.
You hit Grinder but do no damage.
Grinder is moderately wounded.
Grinder hits you.
You writhe in agony.
You barely miss Grinder.
Grinder is moderately wounded.
You hit Grinder.
Grinder is heavily wounded.
Grinder hits you.
You writhe in agony.
* * * LOW HITPOINT WARNING * * *
You hit Grinder.
Grinder is severely wounded.
Grinder hits you.
* * * LOW HITPOINT WARNING * * *
You closely miss Grinder. You bite Grinder.
Grinder is severely wounded.
Grinder hits you!
You die...
Grinder says, "Now the real fun starts!"

# #.#'##### # #.#.# ###
# ###.#.# 5.#
.......#.#.# K.#
######.#.#.# ..#
#.#.#.# ..# #####.#...#
..#
#.........#.######..#
##.##....#.#.#..h5K..#
..^...##.#.#.#.#####.#
.#.##....#.#.#.......#
.#.##.####.#.#..###..#
...##.#....#.#.......#
...##'#....#.#.####.##
#..........#........#
...........#.#########.
#......................


You could see Grinder and a kobold.

Vanquished Creatures
  An iguana (D:4)
  An adder (D:2)
  A dart slug (D:2)
  2 ribbon worms (D:3)
  3 ball pythons
  3 endoplasms
  2 giant cockroaches
  3 goblins
  3 hobgoblins
  3 jackals (D:2)
  3 quokkas
  2 bats
  3 frilled lizards
  6 kobolds
  7 rats
43 creatures vanquished.

Notes
Turn   | Place    | Note
-------+----------+-------------------------------------------
     0 | D:1      | jlumianski the Gnoll Shapeshifter began the quest for the
                  | Orb.
     0 | D:1      | Reached XP level 1. HP: 17/17 MP: 1/1
    34 | D:1      | Found a faded altar of an unknown god.
   250 | D:1      | Reached XP level 2. HP: 23/23 MP: 2/2
   722 | D:2      | Found a shadowy altar of Dithmenos.
   824 | D:3      | Identified the +0 pair of gloves of Insecurity {rCorr Int+2
                  | Dex-5}
   860 | D:3      | Reached XP level 3. HP: 27/28 MP: 3/3
  1084 | D:2      | Reached skill level 1 in Invocations
  1648 | D:3      | Reached skill level 1 in Short Blades
  1648 | D:3      | Reached skill level 1 in Long Blades
  1648 | D:3      | Reached skill level 1 in Axes
  1648 | D:3      | Reached skill level 1 in Maces & Flails
  1648 | D:3      | Reached skill level 1 in Polearms
  1648 | D:3      | Reached skill level 1 in Staves
  1648 | D:3      | Reached skill level 1 in Ranged Weapons
  1648 | D:3      | Reached skill level 1 in Throwing
  1648 | D:3      | Reached skill level 1 in Armour
  1648 | D:3      | Reached skill level 1 in Stealth
  1648 | D:3      | Reached skill level 1 in Shields
  1648 | D:3      | Reached skill level 1 in Spellcasting
  1648 | D:3      | Reached skill level 1 in Evocations
  1760 | D:4      | Noticed Natasha
  2033 | D:4      | Reached skill level 1 in Conjurations
  2033 | D:4      | Reached skill level 1 in Hexes
  2033 | D:4      | Reached skill level 1 in Summonings
  2033 | D:4      | Reached skill level 1 in Necromancy
  2033 | D:4      | Reached skill level 1 in Translocations
  2033 | D:4      | Reached skill level 1 in Fire Magic
  2033 | D:4      | Reached skill level 1 in Ice Magic
  2033 | D:4      | Reached skill level 1 in Air Magic
  2033 | D:4      | Reached skill level 1 in Earth Magic
  2033 | D:4      | Reached skill level 1 in Alchemy
  2033 | D:4      | Reached XP level 4. HP: 26/34 MP: 5/5
  2172 | D:3      | Found a bloodstained altar of Trog.
  2270 | D:3      | Noticed Grinder
  2287 | D:3      | Slain by Grinder

Illustrated notes

Levels and vault maps discovered:
D:1:      dpeg_arrival_central, layout_rooms,
          shapermc_ecumenical_altar_mp_highgroup
D:2:      layout_loops_corners, basic_altar
D:3:      layout_basic, mainiacjoe_overflow_six_doors_small, uniq_grinder
D:4:      layout_basic, mainiacjoe_overflow_paths, nicolae_shop_vocational,
          uniq_natasha

Skill      XL: |  1  2  3 |
---------------+----------+-----
Invocations    | 1 |  1.3
Short Blades   | 1 |  1.2
Long Blades    | 1 |  1.2
Axes           | 1 |  1.2
Maces & Flails | 1 |  1.2
Polearms       | 1 |  1.2
Staves         | 1 |  1.2
Ranged Weapons | 1 |  1.2
Throwing       | 1 |  1.2
Armour         | 1 |  1.2
Stealth        | 1 |  1.2
Shields        | 1 |  1.2
Spellcasting   | 1 |  1.2
Evocations     | 1 |  1.2
Conjurations   | 1 |  1.0
Hexes          | 1 |  1.0
Summonings     | 1 |  1.0
Necromancy     | 1 |  1.0
Translocations | 1 |  1.0
Fire Magic     | 1 |  1.0
Ice Magic      | 1 |  1.0
Air Magic      | 1 |  1.0
Earth Magic    | 1 |  1.0
Alchemy        | 1 |  1.0
Fighting       | |  2.8
Dodging        | |  4.6
Unarmed Combat | |  6.6
Shapeshifting  | |  6.5

Action                     |  1- 3 |  4- 6 || total
---------------------------+-------+-------++-------
  Melee: Unarmed           |    75 |    11 ||    86
         Bite              |     5 |     3 ||     8
         Punch             |     1 |       ||     1
  Throw: Dart              |       |     1 ||     1
    Use: Scroll            |     3 |     4 ||     7
         Potion            |       |     1 ||     1
 Armour: Animal skin       |     2 |       ||     2
         Ring mail         |    30 |     6 ||    36
  Dodge: Dodged            |    35 |     4 ||    39

Table legend: (Time is in decaauts)
 A = Elapsed time spent in this place.
 B = Non-inter-level travel time spent in this place.
 C = Inter-level travel time spent in this place.
 D = Time resting spent in this place.
 E = Time spent auto-exploring this place.
 F = Levels seen in this place.
 G = Mean time per level.
                   A        B        C        D        E       F      G
               +--------+--------+--------+--------+--------+-----+--------+
         Total |   2277 |   2234 |     43 |     39 |   1105 |   4 |  569.2 |
       Dungeon |   2277 |   2234 |     43 |     39 |   1105 |   4 |  569.2 |
               +--------+--------+--------+--------+--------+-----+--------+

Top non-repeatable levels by time:
     D:2: 824 daAuts
     D:3: 744 daAuts
     D:1: 577 daAuts
     D:4: 131 daAuts
